 Dungeon Crawl Stone Soup version 0.32-a0-886-g41c5271027 (webtiles) character file.

Game seed: 16787681516495424190

10 ezpacito the Trooper (level 2, -3/36 HPs)
             Began as a Coglin Chaos Knight on Apr 3, 2024.
             Was a Plaything of Xom.
             Slain by Sigmund
             ... wielding a +2 scythe of freezing
              (4 damage)
             ... on level 2 of the Dungeon.
             The game lasted 00:00:31 (239 turns).

ezpacito the Trooper (Coglin Chaos Knight)           Turns: 239, Time: 00:00:31

Health: -3/36      AC: 21    Str: 12    XL:     2   Next: 20%
Magic:  2/2        EV:  2    Int: 11    God:    Xom [..*...]
Gold:   41         SH:  0    Dex: 13    Spells: 1/1 levels left

rFire   . . .        a - +1 hand axe (chaos) {Ning}
rCold   . . .        d - +0 dagger {Shu}
rNeg    . . .        b - melded +2 leather armour
rPois   +            (helmet currently unavailable)
rElec   .            (cloak currently unavailable)
rCorr   .            (gloves currently unavailable)
SInv    .            (boots currently unavailable)
Will    .....        (no amulet)
Stlth   +            (no ring)
HPRegen 0.26/turn    (no ring)
MPRegen 0.08/turn    (no gizmo)

%: no passive effects
@: brilliant, tree-form (expiring)
A: stationary, stasis, torment immunity, boosted hp, off-hand wielding, slow
wielding, warmup strikes, (no jewellery)
a: Invent Gizmo, Renounce Religion


You were on level 2 of the Dungeon.
You worshipped Xom.
You were a toy of Xom.
You were a tree.
You visited 1 branch of the dungeon, and saw 2 of its levels.

You collected 41 gold pieces.

Inventory:

Hand Weapons
 a - a +1 hand axe of chaos (weapon) {Ning}
 d - a +0 dagger (offhand) {Shu}
Armour
 b - a +2 leather armour (melded)
Scrolls
 i - a scroll of identify


   Skills:
 * Level 3.1 Fighting
 * Level 3.0(3.1) Axes
 * Level 0.2(1.6) Polearms
 * Level 1.8 Armour
 * Level 1.3 Dodging
 + Level 0.0 Stealth
 + Level 0.0 Spellcasting


You had one spell level left.
You didn't know any spells.
Your spell library was empty.

Dungeon Overview and Level Annotations

Branches:
Dungeon (1/15)

Altars:

Annotations:
D:2 Sigmund


Innate Abilities, Weirdness & Mutations

You are a tree.
Your roots penetrate the ground, keeping you stationary.
You cannot be teleported.
You are immune to unholy pain and torment.
Your maximum health is greatly increased.
Your equipment is partially melded.
You can wield a second weapon in your off-hand.
It takes a long time for you to wield or remove held weapons.
Your first few attacks do less damage.
((You cannot equip rings or amulets.))


Message History

Your +2 leather armour melds into your body.
Your roots penetrate the ground.
Xom thinks this is hilarious! "See what I see, my child!"
You feel aware of your surroundings. Sigmund barely misses your butterfly.
You now have 18/36 hp.
You aren't carrying any potions.
As you read the scroll labelled BEAMUELINO, it crumbles to dust.
It is a scroll of identify.
g - a scroll of enchant weapon;
i - a scroll of identify Sigmund points at you and mumbles some strange words.
Your butterfly appears confused.
As you read the scroll of enchant weapon, it crumbles to dust.
Your +0 hand axe of chaos {Ning} glows red for a moment.
Sigmund's eyes start glowing with a red light.
Sigmund hits your butterfly with a +2 scythe of freezing!
Sigmund freezes your butterfly.
Your butterfly dies!
Your butterfly disappears in a burst of colours!
Sigmund completely misses your butterfly.
Your transformation is almost over.
Sigmund hits you from afar with a +2 scythe of freezing!
Sigmund freezes you.
* * * LOW HITPOINT WARNING * * *
You take 9 damage, and have 10/36 hp.
MASSIVE DAMAGE!! "Go forth and cause havoc, mortal!"
You feel clever all of a sudden. Sigmund hits you but does no damage.
Hit: a) +1 hand axe (chaos) {Ning}
Press: ? - help, Dir - move target Your weapon can't reach that far!
Okay, then.
Okay, then.
Sigmund says, "Your kind have come here before.
I understand now why.
You desire death..."
Sigmund hits you from afar with a +2 scythe of freezing!
* * * LOW HITPOINT WARNING * * *
Sigmund freezes you.
You die...
Sigmund begins carving another notch in his scythe.
Xom roars with laughter!

**,** , * ..,, ,,, ,,
.. *##*,# * ,* *
**#b.,,.. .# **,*
,,,,... b##^# , * * * *
#b. b...#** *
#####.##@b..#
##########..bbbbbbb#.#
...........bbb.b♣bb..#
..........bb.bbbbb##>#
...............bb.#* *
..........####'########
..........# #.##.....#
..........#
#.##.....###
..........#
#..'........,
†.........#
#.##.....###*
..........#
####........* *


You could see Sigmund (ally target).

Vanquished Creatures
  2 ball pythons
  An endoplasm (D:2)
  A goblin (D:2)
  A hobgoblin (D:2)
  2 quokkas (D:2)
  A bat (D:2)
  A rat (D:2)
9 creatures vanquished.

Notes
Turn   | Place    | Note
-------+----------+-------------------------------------------
     0 | D:1      | ezpacito the Coglin Chaos Knight began the quest for the
                  | Orb.
     0 | D:1      | Reached XP level 1. HP: 18/18 MP: 1/1
    34 | D:1      | You fall into a shaft and drop 1 floor!
    64 | D:2      | XOM: silly message
    72 | D:2      | Reached skill level 1 in Dodging
   140 | D:2      | Reached XP level 2. HP: 24/24 MP: 2/2
   210 | D:2      | XOM: silly message
   223 | D:2      | Noticed Sigmund
   229 | D:2      | XOM: divination: magic mapping
   237 | D:2      | XOM: potion effect (brilliance)
   239 | D:2      | HP: 1/36 [Sigmund/+2 scythe of freezing (9)]
   239 | D:2      | Slain by Sigmund

Illustrated notes

Levels and vault maps discovered:
D:1:      psy_arrival_fountain, layout_loops_ring, serial_forest,
          infiniplex_forest_straight_4, infiniplex_forest_lined_room_2,
          infiniplex_forest_straight_3, infiniplex_forest_corner_1,
          infiniplex_forest_end_2, infiniplex_forest_clump_small,
          infiniplex_forest_side_room
D:2:      layout_basic, nrook_loot_triangle, uniq_robin, uniq_sigmund

Skill      XL: |  1 |
---------------+----+-----
Dodging        | 1 |  1.3
Fighting       | |  3.1
Axes           | |  3.0
Polearms       | |  0.2
Armour         | |  1.8

Action                     || total
---------------------------++-------
  Melee: Hand axe          ||    18
         Dagger            ||    14
    Use: Scroll            ||     3
         Potion            ||     1
 Armour: Leather armour    ||    16
         Skin              ||     3
  Dodge: Dodged            ||    12

Table legend: (Time is in decaauts)
 A = Elapsed time spent in this place.
 B = Non-inter-level travel time spent in this place.
 C = Inter-level travel time spent in this place.
 D = Time resting spent in this place.
 E = Time spent auto-exploring this place.
 F = Levels seen in this place.
 G = Mean time per level.
                   A        B        C        D        E       F      G
               +--------+--------+--------+--------+--------+-----+--------+
         Total |    240 |    240 |      0 |      0 |    169 |   2 |  120.0 |
       Dungeon |    240 |    240 |      0 |      0 |    169 |   2 |  120.0 |
               +--------+--------+--------+--------+--------+-----+--------+

Top non-repeatable levels by time:
     D:2: 205 daAuts
     D:1: 34 daAuts
